[Event "Juniorallsvenskan 2019, Division 1 and 2"]
[Site "Molnlycke kulturhus, Biblioteksgatan 2, Molnlycke, Sweden"]
[Date "2019.11.23"]
[Round "2.21"]
[White "Jonsson, Filip"]
[Black "Johansson, Stina"]
[Result "1-0"]
[TimeControl "90 minutes + 30 seconds per move from move one"]
[WhiteFideId "1739441"]
[BlackFideId "1739026"]
[WhiteElo "1952"]
[BlackElo "1425"]

1. c4 e5 2. g3 c6 3. Nf3 d6 4. Bg2 Be6 5. d3 Nd7 6. Nc3 Ngf6 7. O-O d5 8. cxd5 cxd5 9. Qa4 Qc7 10. Bg5 Be7 11. Nb5 Qb6 12. Nxe5 O-O 13. Be3 Bc5 14. d4 a6 15. dxc5 axb5 16. Qxa8 Rxa8 17. cxb6 Nxe5 18. Bd4 Nfd7 19. Rfd1 Nc4 20. e4 dxe4 21. Bxe4 Rb8 22. Rac1 Ncxb6 23. Rc7 Bxa2 24. Bxb6 Nxb6 25. Rxb7 Re8 26. Rxb6 g6 27. Bf3 Bc4 28. Rbd6 Re5 29. Rd7 Rf5 30. Bd5 Kf8 31. Bxc4 bxc4 32. Rc7 Rb5 33. Rdd7 Rxb2 34. Rxf7+ Kg8 35. Rfd7 Rc2 36. Rd8# {clock times are wrong} 1-0

[Event "Juniorallsvenskan 2019, Division 1 and 2"]
[Site "Molnlycke kulturhus, Biblioteksgatan 2, Molnlycke, Sweden"]
[Date "2019.11.23"]
[Round "2.22"]
[White "Nystedt, Ludvig"]
[Black "Derdic, Valentin"]
[Result "1/2-1/2"]
[TimeControl "90 minutes + 30 seconds per move from move one"]
[WhiteFideId "1759540"]
[BlackFideId "1763687"]
[WhiteElo "1322"]
[BlackElo "1647"]

1. d4 Nf6 2. c4 g6 3. Nc3 Bg7 4.
e4 d6 5.
g3 O-O 6. Bg2 e5 7. d5 a5 8. Nge2 Na6 9. O-O Nh5 10. f4 exf4 11. Nxf4 Nxf4 12. Bxf4 f5 13. Qd2 Bd7 14. Rae1 Nc5 15.
e5 dxe5 16. Bxe5 Bxe5 17. Rxe5 Qf6 18. Rfe1 Ne4 19. Qd4 Rae8 20. Nxe4 Qxe5 21. Qxe5 Rxe5 22. Nf6+ Rxf6 23. Rxe5 Kf7 24.
Kf2 Rb6 1/2-1/2

[Event "Juniorallsvenskan 2019, Division 1 and 2"]
[Site "Molnlycke kulturhus, Biblioteksgatan 2, Molnlycke, Sweden"]
[Date "2019.11.23"]
[Round "3.1"]
[White "Torngren, Gustav"]
[Black "Jogstad, Martin"]
[Result "1/2-1/2"]
[TimeControl "90 minutes + 30 seconds per move from move one"]
[WhiteTitle "CM"]
[BlackTitle "FM"]
[WhiteFideId "1728970"]
[BlackFideId "1715364"]
[WhiteElo "2247"]
[BlackElo "2305"]

1. e4 c5 2. d3 e6 3. f4 d5 4. Nd2 Nc6 5. Ngf3 g6 6. Be2 Bg7 7. O-O Nge7 8. c3 b5 9. a4 b4 10.
e5 Qb6 11. Nb3 c4+ 12. Nbd4 cxd3 13. Bxd3 Ba6 14. a5 Qb7 15. Bxa6 Qxa6 16. cxb4 Qc4 17. Qa4 Qxb4 18. Qxb4 Nxb4 19.
Nb5 O-O 20. Bd2 Nbc6 21. a6 Rab8 22. Nfd4 Nxd4 23. Nxd4 Rxb2 24. Be3 Rc8 25. Rfc1 Rc4 26. Rcb1 Ra4 27. Rxa4 Rxb1+ 28. Kf2 Bf8 29. Ra2 Rb8 30. g4 Rb1 31.
h3 Rh1 32. Kg2 Rb1 33. Kf2 Rh1 34. Kg2 Rb1 35. Kf3 Rb4 36. Kg3 Rb1 37. Kg2 Rb8 38. Kf3 Rb4 39. h4 Rb1 40. h5 Rb4 41.
hxg6 hxg6 42. Kf2 Rb1 43. Kg3 Rb4 44. Kf3 Rb1 45. Ra4 Rb2 46. Ra1 Rb4 47. Ra2 Rb1 48. Kf2 Rb8 49. Kg2 Rb1 50.
Kf3 Rb8 51. Ra1 Rb2 52. Kg3 Rb4 53. Kf2 Rb8 54. Kg2 Rb4 55. Kf3 Rb8 56. f5 exf5 57. gxf5 gxf5 58. Rg1+ Ng6 59. Nxf5 Rb3 60.
e6 d4 61. Nxd4 Rb6 62. exf7+ Kxf7 63. Ra1 Ne5+ 64. Ke4 Nc4 65. Bg1 Na3 66. Rc1 Rxa6 67. Rc7+ Kg6 68. Nc6 Bd6 69. Ne5+ Bxe5 70. Kxe5 Nb5 71. Rb7 Ra5 72.
Kd5 a6 73. Bc5 Ra2 74. Kc6 Nc3 75. Bd4 Nb5 76. Bc5 Kf6 77. Rb6 Ke6 78. Kb7+ Kd5 79. Rxa6 Rg2 80. Kb6 Rb2 81. Be7 Nd6+ 82.
Kc7 Rb7+ 83. Kd8 Rb8+ 84. Kd7 Rb7+ 85. Kd8 Rb8+ 86. Kd7 Nb5 87. Rh6 Rb7+ 88. Ke8 Nd4 89. Rh5+ Ke6 90. Rh6+ Kd5 91.
Rh5+ Ke6 92. Rh6+ Kd5 93. Rh5+ 1/2-1/2

[Event "Juniorallsvenskan 2019, Division 1 and 2"]
[Site "Molnlycke kulturhus, Biblioteksgatan 2, Molnlycke, Sweden"]
[Date "2019.11.23"]
[Round "3.2"]
[White "Bensryd, Hampus"]
[Black "Troberg Eskola, Love"]
[Result "0-1"]
[TimeControl "90 minutes + 30 seconds per move from move one"]
[WhiteFideId "1738330"]
[BlackFideId "1724185"]
[WhiteElo "1977"]
[BlackElo "2096"]

1. e4 e6 2. d3 d5 3. Nd2 Nf6 4. g3 Nc6 5. Bg2 dxe4 6. dxe4 Bc5 7. Ngf3 e5 8. O-O O-O 9. c3 a5 10.
Qc2 b6 11. h3 Ba6 12. Re1 Nh5 13. Nb3 Be7 14. Rd1 Qc8 15. Be3 Nf6 16. a4 Ne8 17. Nbd2 Nd6 18. Nf1 Nc4 19. b3 Nxe3 20. Nxe3 Re8 21. Rd2 b5 22. axb5 Bxb5 23.
Rd5 Qb7 24. Nxe5 Bd6 25. N5c4 Bf8 26. e5 Bxc4 27. Nxc4 Qa6 28. Rd7 Rab8 29. Rxc7 Nxe5 30. Rxa5 Qf6 31. Nxe5 Rxe5 32. Rxe5 Qxe5 33.
Rc4 Qb5 34. Rh4 g6 35. b4 Rc8 36. Qb3 Qe5 37. Rc4 Qe6 38. Bf1 Kg7 39. b5 Bc5 40. Qc2 Qe5 41. Rf4 Bb6 42. Qb3 Rc7 43.
c4 Rd7 44. Qc2 Bc5 45. Rf3 Kg8 46. Rd3 Ra7 47. Qc3 Qe7 48. Qd2 Qe5 49. Qc3 Qe7 50. Qb2 Bb6 51. Qe2 Qg5 52. Rd5 Qxg3+ 53. Kh1 Qh4 54. Qe8+ Kg7 55. Qe5+ f6 56. Qg3 Qe4+ 57. Qg2 Qc2 58. Kg1 Ra1 59. Rd7+ Kh6 60. Rd6 Bc5 61. Rc6 Qxc4 62.
Rxf6 Qxb5 63. Rf7 Bd4 64. Rf4 Be5 65. Rf7 Bd6 66. Rf3 Qe5 67. Re3 Qb5 68. Rf3 Qd5 69. Re3 Qd1 70. Rf3 Ra5 71.
Rd3 Qe1 72. h4 Bb8 73. Qg3 Bxg3 0-1

[Event "Juniorallsvenskan 2019, Division 1 and 2"]
[Site "Molnlycke kulturhus, Biblioteksgatan 2, Molnlycke, Sweden"]
[Date "2019.11.23"]
[Round "3.3"]
[White "Olsson, William"]
[Black "Ulles, Jean-Clement"]
[Result "1-0"]
[TimeControl "90 minutes + 30 seconds per move from move one"]
[WhiteFideId "1741721"]
[BlackFideId "26007029"]
[WhiteElo "2035"]
[BlackElo "1943"]

1. c4 Nf6 2. Nc3 g6 3. g3 d5 4. cxd5 Nxd5 5. Bg2 Nb6 6. d4 Bg7 7. e3 O-O 8. Nge2 N8d7 9. O-O c6 10.
a4 a5 11. Ne4 Qc7 12. N2c3 Rd8 13. Qc2 e5 14. Rd1 exd4 15. exd4 Nf8 16. Bf4 Qe7 17. Bg5 f6 18. Be3 Nc4 19.
Bc1 Be6 20. b3 Nb6 21. Ba3 Qf7 22. Rab1 Kh8 23. Nd6 Qc7 24. Rbc1 Qb8 25. d5 Nxd5 26. Nxd5 cxd5 27. Bxd5 Rxd6 28.
Bxd6 Qxd6 29. Bxb7 Qb8 30. Bxa8 Qxa8 31. Qd3 Qb7 32. Qb5 Qf3 33. Rd3 Qe2 34. Rdc3 Qe4 35. Re3 Qa8 36. Qc6 Qb8 37.
Rxe6 Nxe6 38. Qxe6 Qg8 39. Rc8 1-0

[Event "Juniorallsvenskan 2019, Division 1 and 2"]
[Site "Molnlycke kulturhus, Biblioteksgatan 2, Molnlycke, Sweden"]
[Date "2019.11.23"]
[Round "3.4"]
[White "Nord, Alexander"]
[Black "Aira, Leonardo"]
[Result "1/2-1/2"]
[TimeControl "90 minutes + 30 seconds per move from move one"]
[WhiteFideId "1738135"]
[BlackFideId "1721097"]
[WhiteElo "1845"]
[BlackElo "1955"]

1. d4 e6 2. Nf3 d5 3. g3 Be7 4. Bg2 Nf6 5. O-O O-O 6. c4 c5 7. cxd5 exd5 8. dxc5 Bxc5 9. Bg5 Be6 10.
Nc3 Be7 11. Nd4 Nc6 12. e3 h6 13. Bxf6 Bxf6 14. Nce2 Qb6 15. Qd2 Rac8 16. Rac1 Rfd8 17. Rfd1 a5 18. a4 Nb4 19. Nb5 Bd7 20.
Nbc3 Bc6 21. Nd4 Na6 22. Nxd5 Bxd5 23. Rxc8 Rxc8 24. Bxd5 Rd8 25. Bg2 Nc5 26. Qc2 Qb4 27. b3 Bxd4 28.
Rxd4 Rxd4 29. exd4 Qxd4 30. Bf1 b6 31. Qf5 g6 32. Qf3 Kg7 33. Bc4 Qf6 34. Kg2 g5 35. h3 Qe7 36. Bd5 Qf6 37.
Bc4 Nd7 38. Qe4 Ne5 39. Bd3 Qc6 40. Qxc6 Nxc6 41. Kf3 Kf6 42. Ke4 Ne7 43. Bc4 h5 44. Be2 h4 45. gxh4 gxh4 46. Kf4 Nd5+ 47.
Kg4 Nc3 48. Ba6 Ne4 49. f3 Nd2 50. Bb7 Nxb3 51. Kxh4 Nd4 52. Kg4 b5 53. axb5 Nxb5 54. Kf4 Nd4 55. Ke4 Ne6 56. Bc6 Ng5+ 57.
Kd3 Nxh3 58. Be8 Ng5 59. Kc4 Nxf3 60. Kb5 Ke7 61. Bxf7 Kxf7 62. Kxa5 1/2-1/2

[Event "Juniorallsvenskan 2019, Division 1 and 2"]
[Site "Molnlycke kulturhus, Biblioteksgatan 2, Molnlycke, Sweden"]
[Date "2019.11.23"]
[Round "3.5"]
[White "Sundin, Emanuel"]
[Black "Pantzar, Milton"]
[Result "1/2-1/2"]
[TimeControl "90 minutes + 30 seconds per move from move one"]
[BlackTitle "FM"]
[WhiteFideId "1719173"]
[BlackFideId "1721003"]
[WhiteElo "2093"]
[BlackElo "2406"]

1. e4 e5 2. Nf3 Nc6 3. Bc4 Nf6 4. d4 exd4 5. O-O Nxe4 6. Re1 d5 7. Bxd5 Qxd5 8. Nc3 Qa5 9. Nxe4 Be6 10.
Neg5 O-O-O 11. Nxe6 fxe6 12. Rxe6 Be7 13. Qe2 Bf6 14. Bf4 Qb4 15. Bc1 Rhf8 16. Ne1 d3 17. Nxd3 Qc4 18. Re4 Rd4 19.
Re3 Nb4 20. c3 Rxd3 21. cxb4 Rfd8 22. Rxd3 Qxd3 23. Qxd3 Rxd3 24. Be3 Bxb2 25. Rb1 Bf6 26. a4 Ra3 27. a5 a6 28. Kf1 Kd7 29.
Ke2 Kc6 30. Bf4 Rc3 31. g4 Rc4 32. Rc1 Rxc1 33. Bxc1 Kb5 34. g5 Bc3 35. f4 g6 36. Bd2 Bxb4 37. Bxb4 Kxb4 38. h4 Kc4 39. f5 Kd5 40. f6 Ke6 41.
Kd3 b6 42. axb6 cxb6 43. Kc4 Kf7 44. Kb4 1/2-1/2

[Event "Juniorallsvenskan 2019, Division 1 and 2"]
[Site "Molnlycke kulturhus, Biblioteksgatan 2, Molnlycke, Sweden"]
[Date "2019.11.23"]
[Round "3.6"]
[White "Petersson, Baldur Teodor"]
[Black "Nilsson, Joakim"]
[Result "1/2-1/2"]
[TimeControl "90 minutes + 30 seconds per move from move one"]
[WhiteTitle "CM"]
[BlackTitle "FM"]
[WhiteFideId "2309157"]
[BlackFideId "1723383"]
[WhiteElo "2216"]
[BlackElo "2288"]

1. e4 c5 2. Nf3 Nc6 3. d3 g6 4. g3 Bg7 5. Bg2 d6 6. O-O e5 7. c3 Nge7 8. a3 O-O 9. b4 h6 10.
Nbd2 Be6 11. Re1 Qd7 12. Bb2 a6 13. Nc4 Rad8 14. Nfd2 cxb4 15. axb4 f5 16. Qe2 f4 17. Nb6 Qe8 18. Bf3 Qf7 19. Rf1 Bh3 20.
Bg2 Be6 21. Bf3 Bh3 22. Bg2 Be6 1/2-1/2

[Event "Juniorallsvenskan 2019, Division 1 and 2"]
[Site "Molnlycke kulturhus, Biblioteksgatan 2, Molnlycke, Sweden"]
[Date "2019.11.23"]
[Round "3.7"]
[White "Hall, Alexander"]
[Black "Carlsson, Ludvig"]
[Result "0-1"]
[TimeControl "90 minutes + 30 seconds per move from move one"]
[BlackTitle "CM"]
[WhiteFideId "1738933"]
[BlackFideId "1727010"]
[WhiteElo "1887"]
[BlackElo "2146"]

1. d4 g6 2. e4 Bg7 3. Nc3 d6 4. Bc4 e6 5. Nf3 a6 6. a4 b6 7. Bg5 Ne7 8. Qd2 h6 9. Be3 Nd7 10.
Rd1 Bb7 11. O-O Nf6 12. d5 e5 13. h3 Bc8 14. Nh2 g5 15. Be2 Ng6 16. Ng4 h5 17. Nxf6+ Bxf6 18. f3 Nf4 19. Bc4 Bd7 20.
b3 Qe7 21. Ne2 Rh7 22. Kh2 Qf8 23. Nxf4 gxf4 24. Bf2 Qe7 25. g3 fxg3+ 26. Bxg3 Bg5 27. Qe2 h4 28. Be1 Bf4+ 29. Kh1 Rg7 30.
Bd2 Rg3 31. Bxf4 exf4 32. Rf2 Qg5 33. Rg2 Bxh3 34. Rxg3 hxg3 35. Bxa6 Ke7 36. e5 dxe5 37. Qc4 Rxa6 38. Qxc7+ Kf8 39.
d6 Qh5 40. Qd8+ Kg7 41. Kg1 Bg2 42. Qg5+ Qxg5 0-1

[Event "Juniorallsvenskan 2019, Division 1 and 2"]
[Site "Molnlycke kulturhus, Biblioteksgatan 2, Molnlycke, Sweden"]
[Date "2019.11.23"]
[Round "3.8"]
[White "Emmoth, Alfons"]
[Black "Mitra, Akash"]
[Result "1/2-1/2"]
[TimeControl "90 minutes + 30 seconds per move from move one"]
[WhiteFideId "1718266"]
[BlackFideId "1726714"]
[WhiteElo "2066"]
[BlackElo "1975"]

1. d4 Nf6 2. c4 g6 3. Nc3 Bg7 4. e4 d6 5. Nf3 O-O 6. Be2 e5 7. Bg5 Nc6 8. dxe5 dxe5 9. Qxd8 Nxd8 10.
Bxf6 Bxf6 11. Nd5 Bg7 12. Nxc7 Rb8 13. O-O Ne6 14. Nxe6 Bxe6 15. Rfd1 Rfc8 16. b3 Bg4 17. Kf1 Rc7 18.
Ne1 Be6 19. Nc2 Bf8 20. Ne3 Bc5 21. Nd5 Bxd5 22. Rxd5 Bd4 23. Rd1 Kf8 24. Rd3 Ke7 25. f4 f6 26. Rh3 Rh8 27. Rf3 b6 28.
Bd3 Rc6 29. h4 h6 30. Rh3 Rcc8 31. Be2 Rcd8 32. fxe5 fxe5 33. Rg3 Rhf8+ 34. Bf3 Rf6 35. Rxd8 Kxd8 36. Ke2 Ke7 37. Rh3 Kd6 38.
Kd3 Kc5 39. Kc2 Kb4 40. a4 a6 41. Rg3 Rc6 1/2-1/2

[Event "Juniorallsvenskan 2019, Division 1 and 2"]
[Site "Molnlycke kulturhus, Biblioteksgatan 2, Molnlycke, Sweden"]
[Date "2019.11.23"]
[Round "3.9"]
[White "Rasti, Arvin"]
[Black "Sorensen, Hampus"]
[Result "1/2-1/2"]
[TimeControl "90 minutes + 30 seconds per move from move one"]
[BlackTitle "FM"]
[WhiteFideId "1741160"]
[BlackFideId "8703884"]
[WhiteElo "2206"]
[BlackElo "2365"]

1. Nf3 d5 2. g3 Bg4 3. Bg2 Nd7 4. O-O c6 5. c4 Ngf6 6. cxd5 cxd5 7. h3 Bh5 8. d4 e6 9. Bf4 Be7 10.
Nc3 O-O 11. Qb3 Qb6 12. Rfc1 Qxb3 13. axb3 a6 14. g4 Bg6 15. e3 h5 16. g5 Ne8 17. Nb5 Rd8 18. Na3 Be4 19. Nb1 Bd6 20.
Bxd6 Nxd6 21. Rc7 Nb8 22. Nbd2 Bf5 23. Bf1 Rc8 24. Rac1 Rxc7 25. Rxc7 Rc8 26. Rxc8+ Nxc8 27. Ne5 Ne7 28.
Kh2 Nec6 29. Nd3 Nd7 30. Kg3 Kf8 31. Nf4 g6 32. Bd3 Bxd3 33. Nxd3 Ke7 34. Kf3 Kd6 35. Ke2 b6 36. f4 Ke7 1/2-1/2

[Event "Juniorallsvenskan 2019, Division 1 and 2"]
[Site "Molnlycke kulturhus, Biblioteksgatan 2, Molnlycke, Sweden"]
[Date "2019.11.23"]
[Round "3.10"]
[White "Crevatin, Leo"]
[Black "Storme, Isak"]
[Result "1/2-1/2"]
[TimeControl "90 minutes + 30 seconds per move from move one"]
[WhiteTitle "CM"]
[BlackTitle "FM"]
[WhiteFideId "1726307"]
[BlackFideId "1728113"]
[WhiteElo "2231"]
[BlackElo "2229"]

1. d4 d5 2. c4 e6 3. Nf3 c6 4. e3 Nf6 5. b3 Bd6 6. Bb2 Nbd7 7. Bd3 b6 8. O-O Bb7 9. Nbd2 O-O 10.
Qe2 Qe7 11. e4 Nxe4 12. Nxe4 dxe4 13. Bxe4 Nf6 14. Bc2 Ba3 15. Bc3 Bb4 16. Bb2 Ba3 17. Bc3 Bb4 18. Bb2 Ba3 19. Bc3 1/2-1/2

[Event "Juniorallsvenskan 2019, Division 1 and 2"]
[Site "Molnlycke kulturhus, Biblioteksgatan 2, Molnlycke, Sweden"]
[Date "2019.11.23"]
[Round "3.11"]
[White "Strom-Engdahl, Alexander"]
[Black "Narva, David"]
[Result "1-0"]
[TimeControl "90 minutes + 30 seconds per move from move one"]
[WhiteFideId "1741586"]
[BlackFideId "24128856"]
[WhiteElo "1940"]
[BlackElo "1979"]

1. c4 e5 2. Nc3 d6 3. g3 f5 4. Bg2 Nf6 5. d3 Be7 6. Bd2 c6 7. Nf3 Na6 8. a3 O-O 9. O-O Qe8 10.
b4 Qh5 11. e3 f4 12. exf4 exf4 13. Re1 Rf7 14. Bxf4 Bg4 15. h3 Bxf3 16. Qxf3 Qxf3 17. Bxf3 Nd7 18. Bg4 Nf8 19. Ne4 Rd8 20.
Ng5 Bxg5 21. Bxg5 Ra8 22. Be7 d5 23. cxd5 cxd5 24. Bxf8 Rfxf8 25. Be6+ Kh8 26. Bxd5 Nc7 27. Bxb7 Rad8 28. Re7 Nb5 29. Ba6 Nd4 30. Rxa7 Rde8 31. Rd7 Nf3+ 32. Kg2 Re2 33. Rf1 Ne1+ 34. Kh1 Nf3 35. d4 Rb2 36. Re7 Nxd4 37. Kg2 Rb3 38. Re3 Rb2 39. Bd3 Rb3 40. Be4 Rb2 41.
Rd3 Nc2 42. Kg1 Ra2 43. Rc1 Nxa3 44. Bd5 Rc2 45. Rxc2 Nxc2 46. b5 Nb4 47. Rd4 Nxd5 48. Rxd5 Rb8 49. b6 Kg8 50.
Rd6 Rb7 51. Rc6 Kf8 52. f4 Ke8 53. f5 Kd7 54. Re6 Rb8 55.
g4 Rc8 56. Kf2 Rc2+ 57. Re2 Rc3 58. Rb2 Kc8 59. b7+ Kb8 60. Kg2 Rd3 61. h4 h5 62. g5 Rd5 63. f6 gxf6 64. gxf6 Rd6 65.
f7 Rd8 66. Re2 Kxb7 67. Re8 1-0

[Event "Juniorallsvenskan 2019, Division 1 and 2"]
[Site "Molnlycke kulturhus, Biblioteksgatan 2, Molnlycke, Sweden"]
[Date "2019.11.23"]
[Round "3.12"]
[White "Berglind, Axel"]
[Black "Lindholm, Gustav"]
[Result "1-0"]
[TimeControl "90 minutes + 30 seconds per move from move one"]
[WhiteFideId "1720228"]
[BlackFideId "1736515"]
[WhiteElo "2062"]
[BlackElo "1922"]

1. d4 d5 2. Nf3 Nf6 3. c4 c6 4. Nc3 dxc4 5. a4 Bf5 6. Ne5 Nbd7 7. Nxc4 e6 8. f3 Bb4 9. Qb3 a5 10. e4 Bg6 11. Bg5 Qc7
12. Be2 O-O 13. O-O c5 14. Nb5 Qc6 15. Ne5 Nxe5 16. dxe5 Nd7 17. Bf4 Qb6 18. Bc4 Nb8 19.
Rad1 Nc6 20. Rd6 Rad8 21. Kh1 Kh8 22. Rfd1 Rxd6 23. exd6 e5 24. Bg3 f6 25. Be6 Rd8 26. Qd5 Nd4 27.
f4 Nxb5 28. axb5 Qxb5 29. fxe5 fxe5 30. Bxe5 Qe2 31. Qd3 Qh5 32. Qd5 Qe2 33. Rg1 h6 34. Bf5 Bxf5 35. Qf7 Rd7 36. Qf8+ {clock times until move 13 are wrong} 1-0

[Event "Juniorallsvenskan 2019, Division 1 and 2"]
[Site "Molnlycke kulturhus, Biblioteksgatan 2, Molnlycke, Sweden"]
[Date "2019.11.23"]
[Round "3.13"]
[White "Johansson, Stina"]
[Black "Klosinski, Daniel"]
[Result "0-1"]
[TimeControl "90 minutes + 30 seconds per move from move one"]
[WhiteFideId "1739026"]
[BlackFideId "1726323"]
[WhiteElo "1425"]
[BlackElo "1742"]

1. e4 c5 2. Bc4 Nc6 3. Nf3 d6 4. b3 Bg4 5. Bb2 Nf6 6. Nc3 Nd4 7. Rg1 Bxf3 8. gxf3 e5 9. Nb5 Ne6 10.
Qe2 Nf4 11. Qe3 g6 12. d4 Bh6 13. Qc3 cxd4 14. Qb4 O-O 15. Nxd6 a5 16. Qc5 Nd7 17. Qb5 a4 18. Nf5 Bg5 19.
h4 Be7 20. Bc1 axb3 21. Qxb3 Nc5 22. Bxf7+ Kh8 23. Qc4 Ra4 24. Qb5 Rxf7 25. Nh6 Rf8 26. Bd2 Qd7 27. Qxd7 Nxd7 28. Rb1 Nc5 29.
Ng4 Bd6 30. Rb6 Bc7 31. Rb5 b6 32. Bb4 Rxb4 33. Rxb4 Ncd3+ 34. cxd3 Nxd3+ 35. Ke2 Nxb4 36. Rc1 Rf7 37. a3 Na2 38.
Rc2 Nc3+ 39. Kd3 Rxf3+ 40. Kc4 Nxe4 41. Kd5 Nc3+ 42. Kc6 Rf7 43. Nh6 Re7 44. f3 Kg7 45. Ng4 Kf7 46. Nh6+ Ke6 47.
Rc1 Bd8 48. Re1 Rc7+ 49. Kxb6 Rc4+ 50. Kb7 d3 51. f4 Rxf4 52. Rc1 d2 53. Rxc3 d1=Q 54. Rc6+ Kd5 55. Rc8 Qb3+ 56. Ka6 Ra4# 0-1

[Event "Juniorallsvenskan 2019, Division 1 and 2"]
[Site "Molnlycke kulturhus, Biblioteksgatan 2, Molnlycke, Sweden"]
[Date "2019.11.23"]
[Round "3.14"]
[White "Johansson-Ohman, Linnea"]
[Black "Nystedt, Ludvig"]
[Result "1-0"]
[TimeControl "90 minutes + 30 seconds per move from move one"]
[WhiteFideId "1737260"]
[BlackFideId "1759540"]
[WhiteElo "1660"]
[BlackElo "1322"]

1. d4 d5 2. c4 c6 3. Nf3 Nf6 4. g3 e6 5. Bg2 Nbd7 6. O-O Bd6 7. c5 Bc7 8. Nc3 e5 9. e3 O-O 10.
b4 exd4 11. exd4 h6 12. Qc2 Re8 13. Be3 Nf8 14. b5 Ne4 15. bxc6 bxc6 16. Nxe4 Rxe4 17. Ne5 Rxe5 18. dxe5 Bxe5 19.
Rab1 Ne6 20. f4 Bf6 21. Rfd1 Ba6 22. Rb4 Qc7 23. f5 Ng5 24. Qd2 Bc4 25. Rdb1 Bb5 26. Bd4 Be7 27. Re1 Re8 28.
Rb3 f6 29. Kh1 Ba6 30. Ra3 Bb5 31. Qb2 Ra8 32. Bxd5+ Kf8 33. Rb3 a6 34. Bg2 Nf7 35. a4 Qa5 36. Ra1 Bc4 37. Rb4 Bxc5 38.
Rxc4 1-0

[Event "Juniorallsvenskan 2019, Division 1 and 2"]
[Site "Molnlycke kulturhus, Biblioteksgatan 2, Molnlycke, Sweden"]
[Date "2019.11.23"]
[Round "3.15"]
[White "Johansson, Sigge"]
[Black "Elofsson, John"]
[Result "1-0"]
[TimeControl "90 minutes + 30 seconds per move from move one"]
[WhiteFideId "1742612"]
[BlackFideId "1761560"]
[WhiteElo "1245"]
[BlackElo "1334"]

1. e4 c6 2. d4 d5 3. e5 c5 4. Be3 cxd4 5. Bxd4 Nc6 6. c3 Bf5 7. Bd3 Bxd3 8. Qxd3 e6 9. Nf3 Nxd4 10.
cxd4 Bb4+ 11. Nc3 Qb6 12. O-O Ne7 13. a3 Bxc3 14. bxc3 Rc8 15. Rfc1 O-O 16. a4 Rc6 17. Rab1 Qc7 18. h3 Rc8 19. Rb3 Ra6 20.
Rcb1 Rb6 21. Rxb6 axb6 22. Rb3 Nc6 23. Qb5 Na5 24. Qxb6 Qxb6 25. Rxb6 Rxc3 26. Rb5 Nc4 27. Rxb7 g6 28. Ng5 Rc1+ 29. Kh2 Nd2 30. g3 Ne4 31. Nxe4 dxe4 32. Rb2 Rc4 33. Ra2 Rxd4 34.
a5 Rd7 35. a6 Ra7 36. g4 Kf8 37. Kg3 g5 38. f4 exf3 39. Kxf3 Ke7 40. Ke4 Kd7 41. Kd4 Kc6 42. Kc4 Kb6 43.
Kb4 Rc7 44. a7 1-0

[Event "Juniorallsvenskan 2019, Division 1 and 2"]
[Site "Molnlycke kulturhus, Biblioteksgatan 2, Molnlycke, Sweden"]
[Date "2019.11.23"]
[Round "3.16"]
[White "Lonn, Edvard"]
[Black "Lyngsjo, Luke"]
[Result "1-0"]
[TimeControl "90 minutes + 30 seconds per move from move one"]
[WhiteFideId "1744712"]
[BlackFideId "1755811"]
[WhiteElo "1387"]
[BlackElo "1211"]

1. d4 Nf6 2. c4 c5 3. d5 e6 4.
Nc3 exd5 5. cxd5 d6 6. Nf3 g6 7. g3 Bg7 8. Bg2 O-O 9. O-O Bf5 10. Re1 Ne4 11. Nxe4 Bxe4 12. Ng5 Bxg2 13. Kxg2 h6 14. Nf3 Nd7 15. Bf4 Ne5 16. Bxe5 Bxe5 17. Nxe5 dxe5 18. e4 Qd6 19. Qd2 Kg7 20. Rf1 f5 21.
f3 b6 22. h4 f4 23. g4 Rad8 24. Qd3 Rd7 25. Rfc1 Rc7 26. Rc2 Rfc8 27. Rac1 Kh7 28. Qa6 Kg7 29. a4 Kh7 30. a5 Kg7 31. Rc3 Rb8 32. b4 Rbc8 33. bxc5 Rxc5 34. Qxa7+ R8c7 35. Qb8 Rxc3 36. Rxc3 Rd7 37. Qxb6 Qe7 38. a6 Rd6 39. Rc6 Rxc6 40. dxc6 Qxh4 41. Qf2 1-0

[Event "Juniorallsvenskan 2019, Division 1 and 2"]
[Site "Molnlycke kulturhus, Biblioteksgatan 2, Molnlycke, Sweden"]
[Date "2019.11.23"]
[Round "3.17"]
[White "Wernberg, Hugo"]
[Black "Jonsson, Filip"]
[Result "1-0"]
[TimeControl "90 minutes + 30 seconds per move from move one"]
[WhiteFideId "1737511"]
[BlackFideId "1739441"]
[WhiteElo "2020"]
[BlackElo "1952"]

1. e4 e6 2. Nc3 d5 3. Nf3 Nf6 4. e5 Nfd7 5. d4 c5 6. dxc5 Nxc5 7. Bf4 Nc6 8. Bd3 Nxd3+ 9. cxd3 Be7 10.
O-O O-O 11. d4 Bd7 12. Qd2 Rc8 13. Rac1 Qb6 14. Rfd1 Na5 15. Qe2 Qa6 16. Qxa6 bxa6 17. Bg5 Bxg5 18. Nxg5 Nc4 19. b3 Na3 20.
Nf3 Rc6 21. Ne2 Rfc8 22. Rxc6 Rxc6 23. Rc1 Rxc1+ 24. Nxc1 Bb5 25. Ne1 Kf8 26. f4 Ke7 27. Kf2 Kd7 28. Ke3 Kc6 29. Kd2 a5 30.
g3 Bf1 31. Nf3 h6 32. h4 Bg2 33. Ng1 Be4 34. Nce2 Nb1+ 35. Kc1 Kb5 36. Kb2 Kb4 37. Nc3 Na3 38. Nge2 Bd3 39. g4 a4 40.
Nc1 Bb5 41. h5 axb3 42. axb3 Nb1 43. Nxb1 Bf1 44. g5 Bh3 45. Nd3+ Kb5 46. Nc3+ Kc6 47. Nf2 Bf5 48. Ne2 1-0

[Event "Juniorallsvenskan 2019, Division 1 and 2"]
[Site "Molnlycke kulturhus, Biblioteksgatan 2, Molnlycke, Sweden"]
[Date "2019.11.23"]
[Round "3.18"]
[White "Derdic, Valentin"]
[Black "Ostlund, Joar"]
[Result "1-0"]
[TimeControl "90 minutes + 30 seconds per move from move one"]
[WhiteFideId "1763687"]
[BlackFideId "1735020"]
[WhiteElo "1647"]
[BlackElo "1955"]

1. e4 d5 2. exd5 Nf6 3. Nf3 Nxd5 4. d4 Bg4 5. Be2 e6 6. O-O Bd6 7. Ne5 Bxe2 8.
Qxe2 O-O 9. Nd2 Nd7 10. Ndc4 Be7 11. Nxd7 Qxd7 12. Ne5 Qa4 13. c4 Nb4 14.
b3 Qe8 15. Bb2 Rd8 16. a3 Nc6 17. Nxc6 Qxc6 18. d5 Qb6 19. Qg4 g6 20. dxe6 Qxe6 21. Qxe6 fxe6 22. Rad1 Bc5 23. Rxd8 Rxd8 24.
b4 Bd4 25. Bxd4 Rxd4 26. g3 Rxc4 27. Rd1 Kg7 28. Rd7+ Kh6 29. h4 b5 30. Kg2 g5 31. hxg5+ Kxg5 32. Rxh7 Rc3 33. Rd7 Kf6 34.
g4 a6 35. f4 Rxa3 36. g5+ Kg6 37. Rxc7 Rb3 38. Re7 Rxb4 39. Rxe6+ Kf5 40. Rf6+ Kg4 41. Kf2 Rb2+ 42. Ke3 a5 43.
g6 Kh5 44. f5 Rg2 45. Rf7 a4 46. Kf4 Rf2+ 47. Ke5 a3 48. Rh7 Kg5 49. g7 Rxf5+ 50. Ke4 Rf4+ 51. Ke3 Kf5 52. g8=Q 1-0

[Event "Juniorallsvenskan 2019, Division 1 and 2"]
[Site "Molnlycke kulturhus, Biblioteksgatan 2, Molnlycke, Sweden"]
[Date "2019.11.23"]
[Round "3.19"]
[White "Rosenthal, Emanuel"]
[Black "Fakhr Eldin, Majed"]
[Result "1-0"]
[TimeControl "90 minutes + 30 seconds per move from move one"]
[WhiteFideId "1738852"]
[BlackFideId "1744054"]
[WhiteElo "1703"]
[BlackElo "1571"]

1. g3 d5 2. Nf3 Nf6 3. Bg2 Bf5 4. d3 c6 5. O-O e6 6. c4 Be7 7. Nbd2 O-O 8. Nh4 Bg4 9. f3 Bh5 10.
Bh3 Nfd7 11. Ng2 Nc5 12. Nf4 Bg6 13. Nxg6 hxg6 14. b4 dxc4 15. Nxc4 b5 16. bxc5 bxc4 17. d4 Bf6 18. e3 e5 19.
Bb2 Na6 20. Qa4 Rb8 21. Rab1 Nb4 22. dxe5 Be7 23. Bd4 Qc7 24. Rxb4 1-0